Map: Bel'Shir Vestige LE (Void)

Players

Ziggy - Winner!

  • Race: Terran Terran
  • Spawn Location: 11:00

Matiz

  • Race: Zerg Zerg
  • Spawn Location: 5:00

Event: IEM XI Katowice - World Championship 2017

VOD

Have the link to the VOD?

Description

Time

  • Played on: Feb. 27, 2017, 9:41 a.m.
  • Length: 14:23

All games in this series

Show
View Real Time Build Order
Export as new Build Order

Ziggy Terran - Winner!

Build Orders: Liberator Opening, Reaper Expand, MMM Bio 

Get SALT Encoding   

  12  0:00  SCV  
  13  0:12  SCV  
  14  0:17  Supply Depot  
  14  0:25  SCV  
  15  0:38  SCV  
  15  0:41  Barracks  
  16  0:46  Refinery  
  16  0:50  SCV  
  17  1:02  SCV  
  18  1:14  SCV  
  19  1:28  Orbital Command  
  19  1:29  Reaper  
  20  1:42  Command Center  
  20  1:55  SCV  
  20  1:57  Supply Depot  
  21  2:02  Barracks Reactor  
  21  2:07  SCV  
  22  2:09  Supply Depot  
  22  2:14  Refinery  
  22  2:19  SCV  
  23  2:23  Factory  
  23  2:31  SCV  
  24  2:39  Marine x2  
  24  2:43  SCV  
  27  2:55  Orbital Command  
  27  2:56  SCV  
  28  3:08  SCV, Starport  
  29  3:18  Hellion x2  
  33  3:20  SCV  
  33  3:22  SCV  
  35  3:30  Liberator  
  35  3:32  SCV  
  35  3:34  SCV  
  37  3:36  Supply Depot  
  37  3:40  Hellion x2  
  41  3:41  Supply Depot  
  41  3:44  SCV  
  45  3:50  SCV  
  46  3:57  Engineering Bay  
  46  4:00  SCV  
  46  4:01  Hellion x2  
  51  4:10  SCV  
  51  4:12  SCV  
  52  4:17  Supply Depot x2  
  52  4:22  SCV  
  53  4:24  SCV  
  53  4:27  Terran Infantry Weapons Level 1  
  54  4:37  Barracks Tech Lab  
  54  4:38  Starport Reactor, Barracks  
  54  4:39  Barracks  
  54  4:40  SCV x2, Barracks  
  55  4:50  Refinery  
  55  4:52  SCV x2  
  56  4:55  Hellion x2  
  56  4:56  Marine, Stimpack  
  61  5:04  SCV x2  
  63  5:14  Marine  
  63  5:16  SCV  
  63  5:17  Hellion x2  
  63  5:18  SCV  
  70  5:26  Barracks Reactor x2  
  70  5:27  Supply Depot x3, Barracks Reactor  
  70  5:28  Supply Depot, SCV  
  71  5:31  Medivac  
  71  5:37  SCV  
  71  5:38  Marine  
  71  5:40  SCV  
  72  5:48  Hellion x2  
  68  5:53  Refinery  
  68  5:56  Marine, Medivac  
  71  6:01  SCV x2  
  71  6:03  Marine x3  
  71  6:04  Marine x2  
  77  6:09  Hellion  
  80  6:11  Marine  
  80  6:13  SCV  
  80  6:14  Marine  
  80  6:18  Hellion  
  85  6:21  Marine x5  
  87  6:29  Terran Infantry Armor Level 1, Marine  
  87  6:32  Marine  
  89  6:33  Armory  
  89  6:36  Medivac  
  89  6:39  Marine x5  
  96  6:43  Hellion x2  
  100  6:47  Marine  
  100  6:50  Marine  
  102  6:54  Supply Depot  
  102  6:55  Supply Depot x2  
  102  6:57  Marine x5  
  107  7:04  Hellion  
  109  7:16  Hellion  
  109  7:22  Marine x7  
  116  7:26  Hellion  
  116  7:29  Missile Turret  
  120  7:31  Command Center  
  120  7:37  Missile Turret  
  120  7:38  Combat Shields  
  120  7:40  Marine x5  
  124  7:49  Marine x2  
  126  7:55  Medivac x2  
  126  7:57  Marine x2  
  132  8:01  Marine x2  
  134  8:06  Supply Depot  
  134  8:09  Supply Depot  
  134  8:14  Marine x3  
  134  8:15  Marine x2  
  134  8:18  Marine x2  
  105  8:27  Widow Mine x2  
  105  8:32  Marine x3  
  105  8:33  Marine x2  
  97  8:36  Marine x2  
  97  8:40  Medivac x2  
  101  8:50  Marine x3, Terran Infantry Weapons Level 2  
  101  8:51  Marine x2  
  106  8:56  Engineering Bay  
  106  8:57  Marine x2  
  108  9:03  Widow Mine x2  
  108  9:08  Marine, Marauder, Barracks  
  115  9:12  Marine x3  
  115  9:14  Marine  
  115  9:15  Marine  
  120  9:19  SCV, Barracks  
  121  9:27  Marine  
  121  9:29  Marine  
  121  9:30  Marine  
  124  9:38  Marine x2  
  124  9:40  Marine x2  
  124  9:45  Marine  
  129  9:47  Marine  
  129  9:48  Marauder  
  129  9:51  Medivac  
  129  9:52  Medivac  
  136  9:56  Marine x2  
  136  9:57  Marine  
  136  9:58  Marine x2  
  141  10:03  Marine, Orbital Command  
  141  10:05  Marine  
  143  10:07  Widow Mine x2  
  143  10:08  Barracks Tech Lab  
  146  10:19  Marine  
  146  10:20  Marauder  
  128  10:25  Marine  
  128  10:27  Marine  
  123  10:34  Marine x3  
  125  10:36  Barracks Reactor  
  125  10:37  Marine  
  125  10:40  Marine, Terran Infantry Armor Level 2  
  125  10:41  Marauder  
  128  10:43  Marine  
  128  10:45  Marine  
  130  10:52  Marine x3  
  130  10:55  Marine  
  134  10:58  Marine  
  134  11:01  Marine  
  134  11:03  Marine, Marauder  
  139  11:09  Marine x2  
  139  11:10  Marine  
  115  11:12  Widow Mine  
  115  11:13  Marine  
  115  11:16  Marine x3  
  115  11:19  Marine  
  115  11:21  Marine  
  115  11:24  Marine  
  118  11:27  Marine x3  
  118  11:31  Marine  
  111  11:33  Liberator x2, Marine, Widow Mine  
  111  11:34  Marine x2  
  111  11:36  Marine  
  111  11:39  Marine  
  105  11:40  Widow Mine, Barracks  
  105  11:41  Marine, Barracks  
  105  11:42  Factory  
  105  11:45  Marine x3  
  111  11:48  Marine  
  111  11:52  Marine x2, Marauder  
  122  11:54  Marine  
  122  11:57  Marine  
  122  11:59  Marine  
  125  12:02  Widow Mine  
  125  12:03  Marine x3  
  125  12:06  Marine  
  129  12:09  Widow Mine  
  129  12:10  Marine x2  
  129  12:12  Marine  
  129  12:13  Marauder  
  136  12:19  Marine x2  
  136  12:21  Marine  
  137  12:24  Marine x3  
  137  12:27  Marine  
  137  12:28  Marine x2  
  137  12:29  Marine  
  113  12:40  Marine x5  
  103  12:44  Marine x4  
  103  12:45  Marine  
  103  12:46  Marine  
  103  12:47  Marine  
  103  12:58  Marine x5  
  99  13:02  Marine x4  
  99  13:03  Marine x2  
  107  13:07  Marine  
  108  13:15  Marine x2  
  108  13:16  Marine x3  
  113  13:29  Medivac x2  
  113  13:30  Marine  
  113  13:31  Marine  
  113  13:34  Marine x5  
  118  13:39  Marine x4  
  122  13:44  Factory Tech Lab  
  122  13:45  Widow Mine  
  122  13:46  Widow Mine  
  126  13:52  Orbital Command  
  126  14:00  Marine x2  
Show
View Real Time Build Order
Export as new Build Order

Matiz Zerg 

Build Orders: Hatch First 

Get SALT Encoding   

  12  0:00  Drone  
  13  0:12  Overlord  
  13  0:17  Drone  
  14  0:24  Extractor, Drone  
  15  0:32  Drone  
  16  0:36  Drone  
  17  0:47  Drone  
  18  0:55  Hatchery  
  17  0:59  Drone  
  18  1:13  Spawning Pool  
  18  1:15  Drone  
  18  1:18  Drone  
  19  1:28  Drone  
  19  1:29  Extractor  
  19  1:39  Drone  
  20  1:53  Drone  
  21  2:07  Queen  
  23  2:11  Queen  
  23  2:12  Zergling x4  
  23  2:14  Overlord  
  27  2:22  Zergling x2  
  28  2:27  Overlord  
  28  2:30  Extractor  
  27  2:39  Drone x2  
  27  2:40  Metabolic Boost  
  30  2:48  Queen  
  30  2:49  Queen  
  33  2:52  Drone x3  
  36  3:02  Drone x2  
  37  3:24  Hatchery  
  37  3:26  Drone  
  37  3:27  Drone x2  
  38  3:29  Drone  
  40  3:34  Hatchery  
  40  3:36  Zergling x6  
  40  3:38  Drone x2  
  44  3:50  Overlord  
  44  4:06  Overlord  
  44  4:07  Queen x2  
  44  4:09  Drone x4  
  52  4:21  Overlord x2  
  52  4:33  Overlord  
  52  4:36  Drone  
  52  4:39  Zergling x2, Evolution Chamber, Baneling Nest  
  52  4:40  Zergling x14, Evolution Chamber  
  52  4:41  Zergling x2  
  57  4:49  Queen  
  57  4:50  Overlord  
  57  4:52  Zergling x4  
  60  4:59  Drone x2  
  62  5:04  Drone  
  62  5:10  Drone x5  
  61  5:16  Drone x3  
  61  5:20  Drone x3  
  63  5:26  Lair  
  63  5:29  Drone  
  63  5:32  Drone x2  
  66  5:41  Drone x2  
  68  5:43  Drone x3  
  68  5:44  Drone  
  72  5:54  Extractor  
  72  5:55  Extractor  
  68  5:58  Extractor  
  68  5:59  Drone x2  
  69  6:06  Drone x6  
  69  6:09  Zerg Missile Weapons Level 1  
  75  6:12  Drone x2  
  77  6:20  Drone x3  
  77  6:21  Drone  
  78  6:25  Drone x2  
  78  6:26  Drone  
  78  6:28  Spore Crawler  
  78  6:30  Overlord  
  79  6:33  Zerg Ground Armor Level 1  
  79  6:38  Drone x2  
  79  6:39  Zergling x4  
  84  6:40  Zergling x2  
  84  6:41  Overseer  
  84  6:42  Overlord  
  84  6:43  Queen  
  85  6:52  Centrifical Hooks  
  85  6:53  Drone  
  85  6:54  Drone x4  
  88  6:56  Overlord x2, Drone x2  
  88  6:57  Zergling x2, Extractor  
  92  7:12  Zergling x2  
  92  7:13  Zergling x10  
  97  7:17  Hatchery  
  97  7:19  Overlord  
  97  7:22  Baneling x3  
  96  7:23  Overseer, Baneling x2  
  96  7:34  Drone x4  
  100  7:37  Extractor  
  97  7:45  Baneling x7  
  97  7:48  Zergling x22  
  96  7:52  Baneling x14  
  96  7:53  Zergling x8  
  96  7:57  Queen  
  102  8:00  Zergling x10  
  107  8:10  Baneling x3  
  107  8:11  Zergling x4, Baneling x4  
  107  8:12  Zergling x2  
  110  8:17  Hatchery  
  110  8:18  Zergling x2  
  110  8:19  Baneling x7  
  101  8:21  Zergling x14  
  101  8:27  Zergling x8  
  105  8:28  Baneling x5  
  95  8:35  Zergling x6  
  95  8:42  Zerg Melee Weapons Level 1  
  95  8:44  Queen, Drone  
  95  8:45  Overlord, Drone  
  99  8:58  Spire  
  98  9:02  Drone  
  98  9:03  Drone x2  
  98  9:07  Baneling x3  
  98  9:09  Zerg Ground Armor Level 2  
  100  9:13  Zergling x14  
  100  9:16  Hatchery  
  106  9:23  Zergling x12  
  106  9:24  Zergling x2  
  113  9:35  Queen  
  113  9:36  Overlord  
  114  9:39  Pneumatized Carapace  
  114  9:47  Zergling x2  
  114  9:48  Zergling x26  
  120  9:58  Overlord  
  117  10:07  Zergling x14  
  120  10:20  Mutalisk x9  
  120  10:34  Mutalisk x2  
  120  10:35  Mutalisk  
  124  10:39  Zerg Flyer Weapons Level 1  
  124  10:44  Drone  
  124  10:45  Drone x3  
  124  10:46  Zergling x16  
  124  10:48  Overseer x2  
  136  10:54  Mutalisk  
  128  11:10  Zergling x12  
  128  11:11  Zergling x14  
  128  11:17  Baneling x6  
  123  11:23  Zergling x14  
  124  11:30  Zergling x10  
  102  11:40  Zergling x10  
  102  11:42  Baneling  
  102  11:44  Queen  
  102  11:46  Baneling x6  
  102  11:47  Baneling x2  
  104  11:52  Zergling x2  
  104  11:53  Zergling x2  
  106  11:57  Zergling x6  
  109  12:06  Hatchery  
  107  12:13  Zergling x22  
  118  12:15  Baneling x2  
  118  12:16  Baneling x2  
  118  12:19  Zergling x4  
  107  12:30  Zergling x14  
  107  12:35  Baneling x5  
  107  12:36  Zergling x2  
  104  12:37  Zergling x2  
  88  12:46  Zergling x4  
  88  12:47  Zergling x8  
  84  13:00  Zergling x14  
  91  13:11  Baneling x8  
  90  13:15  Overseer  
  90  13:18  Baneling x2  
  90  13:19  Zergling x8, Baneling x2  
  90  13:31  Zergling x10  
  93  13:38  Corruptor x2  
  95  13:46  Zergling x2  
  95  13:47  Zergling x8  
  100  13:54  Baneling  
  100  13:55  Baneling x2  
  97  14:00  Zergling x16  
  93  14:05  Zergling x2  
  93  14:06  Zergling x6  

Tags
 
Add a new tag
Caveats
  • Supply blocks, unpowered buildings, or Contaminate may cause inaccurate times.
  • Supply counts are checked every 10 seconds.